 Dungeon Crawl Stone Soup version 0.20-a0-150-g0ef8409 (webtiles) character file.

182 FitzyFitz the Gusty (level 5, -1/38 HPs)
             Began as a Demigod Air Elementalist on Nov 21, 2016.
             Slain by Crazy Yiuf
             ... wielding a +4 quarterstaff of chaos
              (18 damage)
             ... on level 2 of the Dungeon.
             The game lasted 00:06:18 (3341 turns).

FitzyFitz the Gusty (Demigod Air Elementalist)      Turns: 3341, Time: 00:06:18

Health: -1/38      AC:  3    Str: 11    XL:     5   Next: 12%
Magic:  0/10       EV: 12    Int: 21    God:
Gold:   68         SH:  0    Dex: 16    Spells: 1/7 levels left

rFire  . . .     SeeInvis .     p - +0 spear
rCold  . . .     Gourm    .     a - +0 robe
rNeg   . . .     Faith    .     (no shield)
rPois  .         Spirit   .     (no helmet)
rElec  .         Reflect  .     (no cloak)
rCorr  .         Harm     .     (no gloves)
MR     .....                    (no boots)
Stlth  ++........               (no amulet)
                                (no ring)
                                l - +1 ring of protection

@: no status effects
A: high mp 1
a: no special abilities


You were on level 2 of the Dungeon.
You were not hungry.

You visited 1 branch of the dungeon, and saw 2 of its levels.

You collected 68 gold pieces.

Inventory:

Hand Weapons
 e - a +0 hunting sling
 h - a +0 short sword
 i - a +0 club
 p - a +0 spear (weapon)
Missiles
 o - 21 stones (quivered)
 q - a throwing net
 s - 24 poisoned needles
Armour
 a - a +0 robe (worn)
Jewellery
 l - a +1 ring of protection (left hand)
Scrolls
 d - 5 scrolls of identify {unknown}
 f - 2 scrolls of teleportation {unknown}
 g - a scroll of recharging {unknown}
 j - a scroll of blinking {unknown}
Potions
 k - 2 potions of degeneration {unknown}
 m - a potion of lignification {unknown}
Books
 b - a book of Air

   Spells                             Type                      Level
   a - Shock                          Conjuration/Air              1
   b - Swiftness                      Charms/Air                   2
   c - Repel Missiles                 Charms/Air                   2
   d - Static Discharge               Conjuration/Air              3
   e - Lightning Bolt                 Conjuration/Air              5
Comestibles
 c - 2 bread rations
 n - a meat ration


   Skills:
 - Level 1.7 Dodging
 - Level 1.7 Stealth
 - Level 1.7 Spellcasting
 + Level 3.4 Conjurations
 + Level 4.3 Air Magic


You had one spell level left.
You knew the following spells:

 Your Spells              Type           Power        Failure   Level  Hunger
a - Shock                 Conj/Air       ###.         3%          1    #......
b - Swiftness             Chrm/Air       ##......     12%         2    ###....
c - Static Discharge      Conj/Air       ###.....     12%         3    ###....


Dungeon Overview and Level Annotations

Branches:
Dungeon (2/15)

Annotations:
D:2 Crazy Yiuf


Innate Abilities, Weirdness & Mutations

You have an increased reservoir of magic. (+10% MP)


Message History

You are confused.
You're too confused to cast spells.
There isn't anything here!
You're too confused to cast spells.
There isn't anything here!
Crazy Yiuf misses you.
You hit Crazy Yiuf.
Crazy Yiuf is heavily wounded.
You feel less confused. Crazy Yiuf completely misses you.
Okay, then.
Unknown command.
Casting: Static Discharge
Confirm with . or Enter, or press ? or * to list all spells.
Crazy Yiuf is struck by lightning.
Crazy Yiuf is almost dead.
The lightning grounds out.
Crazy Yiuf hits you with a quarterstaff of chaos!
You are electrocuted!
You die...

#P.PP# ##.## #.#
#.P### #.# #.#
##.# #.# #.#
#.## ##.######.#
##.# #..........
#.## #..........
##.# #..<...##.#
##'##
#########.#
#@g.# #...#
#...# #.###
#..)# #.# #####
#### #.# #..#
#.#
#########.####.#
#.##..# #......#
#.##..###.######
# #.........# #


You could see Crazy Yiuf.

Vanquished Creatures
  Natasha (thrice) (D:2)
  An adder (D:2)
  4 gnolls (D:2)
  A worm (D:2)
  5 dart slugs
  4 leopard geckos (D:2)
  5 bats
  2 giant cockroaches
  3 goblins (D:2)
  6 hobgoblins
  5 kobolds
  2 quokkas (D:2)
  3 ball pythons
  A frilled lizard (D:1)
  3 rats
  A fungus (D:2)
49 creatures vanquished.

Notes
Turn   | Place    | Note
-------+----------+-------------------------------------------
     0 | D:1      | FitzyFitz the Demigod Air Elementalist began the quest for the Orb.
     0 | D:1      | Reached XP level 1. HP: 14/14 MP: 5/5
    85 | D:1      | Reached skill level 1 in Conjurations
   574 | D:1      | Reached skill level 3 in Air Magic
   574 | D:1      | Reached XP level 2. HP: 20/20 MP: 2/7
   941 | D:1      | Learned a level 2 spell: Swiftness
  1581 | D:2      | Reached XP level 3. HP: 26/26 MP: 4/8
  2024 | D:2      | Noticed Natasha
  2030 | D:2      | Killed Natasha
  2048 | D:2      | Noticed Natasha
  2057 | D:2      | Killed Natasha
  2057 | D:2      | Reached XP level 4. HP: 6/33 MP: 0/9
  2449 | D:2      | Noticed Natasha
  2461 | D:2      | Killed Natasha
  2533 | D:2      | Reached skill level 4 in Air Magic
  2862 | D:2      | Reached XP level 5. HP: 27/38 MP: 7/10
  3326 | D:2      | Found a runed door.
  3334 | D:2      | Learned a level 3 spell: Static Discharge
  3334 | D:2      | Noticed Crazy Yiuf
  3341 | D:2      | Slain by Crazy Yiuf

Vault maps used:
D:1:      dpeg_arrival_rhombus
D:2:      uniq_natasha, uniq_crazy_yiuf_cottage

Skill      XL: |  1  2  3  4 |
---------------+-------------+-----
Conjurations   | 1 2 3 |  3.4
Air Magic      | 3 4 |  4.3
Dodging        | |  1.7
Stealth        | |  1.7
Spellcasting   | |  1.7

Action                   |  1- 3 |  4- 6 || total
-------------------------+-------+-------++-------
Melee: Unarmed           |    24 |       ||    24
       Short sword       |    34 |     3 ||    37
       Spear             |       |    57 ||    57
 Cast: Shock             |    66 |    19 ||    85
       Static Discharge  |       |     3 ||     3
 Stab: Sleeping          |     3 |     3 ||     6
  Eat: Chunk             |     4 |     5 ||     9
Armor: Robe              |    18 |    11 ||    29
Dodge: Dodged            |    45 |    43 ||    88
